Map: [ESL] Ghost River

Players

Elazer - Winner!

  • Race: Zerg Zerg
  • Spawn Location: 11:00

Gerald

  • Race: Protoss Protoss
  • Spawn Location: 1:00

Event: ESL SC2 Masters 2024 Spring (Regional)

VOD

Have the link to the VOD?

Description

Time

  • Played on: April 10, 2024, 9:49 a.m.
  • Length: 9:16

All games in this series

Show
View Real Time Build Order
Export as new Build Order

Elazer Zerg - Winner!

Build Orders: Hatch First 

Get SALT Encoding   

  12  0:00  Drone  
  13  0:28  Hatchery  
  13  0:33  Drone  
  13  0:37  Drone  
  14  0:43  Extractor  
  14  0:44  Drone  
  15  0:51  Overlord  
  15  1:08  Spawning Pool  
  14  1:12  Drone  
  14  1:15  Drone  
  16  1:19  Drone  
  17  1:27  Drone  
  18  1:38  Drone  
  19  1:41  Drone  
  20  1:49  Drone  
  20  1:52  Drone  
  22  1:55  Queen x2  
  26  2:01  Overlord  
  26  2:05  Drone  
  27  2:10  Drone  
  28  2:19  Drone  
  28  2:20  Drone  
  30  2:24  Drone  
  31  2:31  Overlord, Queen  
  31  2:33  Queen  
  31  2:35  Drone  
  36  2:48  Overlord  
  36  2:49  Drone  
  37  2:53  Zergling x2  
  39  2:58  Drone  
  38  3:05  Drone x6  
  38  3:08  Spore Crawler  
  38  3:11  Spore Crawler  
  38  3:12  Overlord  
  42  3:19  Overlord  
  44  3:20  Extractor x2, Queen  
  44  3:21  Extractor x2, Queen  
  44  3:31  Drone x4  
  48  3:43  Drone x2  
  48  3:45  Drone x3  
  53  3:50  Drone x3  
  53  3:55  Overlord  
  56  3:57  Queen  
  56  3:59  Lair  
  58  4:03  Drone x2  
  58  4:09  Roach Warren  
  59  4:12  Overlord  
  59  4:16  Overlord  
  59  4:19  Overlord  
  59  4:26  Overlord  
  59  4:32  Overlord x2  
  59  4:34  Metabolic Boost  
  59  4:37  Queen  
  61  4:49  Roach x4  
  61  4:50  Roach  
  71  4:53  Roach  
  72  5:00  Roach x3  
  72  5:04  Roach  
  80  5:09  Ravager x5  
  85  5:18  Roach x5  
  90  5:22  Overseer  
  90  5:24  Ravager  
  90  5:27  Overseer  
  91  5:32  Ravager  
  91  5:33  Zergling x2  
  91  5:34  Zergling x8  
  97  5:42  Ravager  
  98  5:45  Zergling x12  
  98  5:49  Ravager  
  105  5:53  Zergling x4  
  105  5:54  Ravager  
  108  5:59  Ravager  
  109  6:05  Zergling x8  
  109  6:11  Zergling x6  
  115  6:18  Ravager  
  116  6:25  Overlord x2  
  116  6:37  Hatchery  
  91  6:47  Zergling x2  
  91  6:48  Zergling x8  
  87  7:04  Zergling x6  
  87  7:05  Queen x2  
  79  7:23  Zergling x8  
  82  7:31  Zergling x2  
  74  7:49  Roach  
  74  7:50  Roach x5  
  75  7:54  Zergling x2  
  75  7:59  Zergling x2  
  75  8:04  Overseer  
  75  8:11  Zergling x12  
  75  8:12  Ravager x6  
  87  8:15  Spire  
  86  8:21  Zergling x4  
  82  8:29  Zergling x6  
  82  8:33  Zergling x2  
  82  8:34  Zergling x8  
  87  8:44  Zergling x12  
  86  8:53  Zergling x6  
Show
View Real Time Build Order
Export as new Build Order

Gerald Protoss 

Build Orders: 1 Gate Expand, Zealot Archon, Archon Drop, Dark Templar Rush 

Get SALT Encoding   

  12  0:00  Probe  
  13  0:12  Probe  
  14  0:18  Pylon  
  14  0:24  Probe (Chrono Boost)  
  15  0:38  Probe (Chrono Boost)  
  16  0:43  Gateway  
  16  0:44  Probe (Chrono Boost)  
  17  0:53  Assimilator  
  17  0:54  Probe  
  18  1:06  Probe  
  19  1:18  Probe  
  20  1:26  Nexus  
  20  1:30  Probe  
  21  1:40  Cybernetics Core  
  21  1:42  Probe  
  22  1:50  Assimilator  
  22  1:57  Pylon, Probe  
  23  2:14  Adept (Chrono Boost)  
  23  2:15  Probe  
  24  2:18  Twilight Council  
  26  2:27  Probe  
  27  2:35  Warp Gate, Stalker (Chrono Boost)  
  27  2:39  Probe  
  27  2:40  Probe  
  31  2:46  Gateway  
  31  2:51  Probe  
  31  2:56  Probe  
  33  2:59  Adept  
  33  3:03  Probe  
  36  3:08  Probe  
  37  3:14  Robotics Facility  
  37  3:15  Probe  
  36  3:21  Probe (Chrono Boost)  
  37  3:28  Probe (Chrono Boost)  
  37  3:29  Dark Shrine  
  37  3:33  Probe (Chrono Boost)  
  39  3:35  Pylon  
  39  3:39  Probe (Chrono Boost)  
  40  3:41  Adept  
  40  3:42  Probe (Chrono Boost)  
  40  3:46  Probe (Chrono Boost)  
  44  3:51  Pylon  
  44  3:53  Gateway  
  44  3:56  Gateway  
  44  3:57  Probe  
  44  3:59  Probe  
  46  4:05  Assimilator  
  46  4:07  Pylon, Assimilator  
  47  4:11  Warp Prism (Chrono Boost)  
  47  4:16  Probe  
  49  4:19  Probe  
  50  4:25  Pylon  
  50  4:28  Adept x2  
  50  4:30  Probe  
  55  4:35  Probe  
  56  4:44  Pylon  
  56  4:45  Observer  
  56  4:50  Probe x2  
  59  4:55  Pylon  
  59  5:02  Probe x2  
  59  5:04  Pylon  
  59  5:06  Immortal (Chrono Boost)  
  64  5:14  Probe  
  64  5:20  Dark Templar x3  
  67  5:25  Robotics Bay  
  67  5:27  Pylon  
  63  5:30  Shield Battery  
  63  5:31  Pylon  
  63  5:42  Immortal (Chrono Boost)  
  67  5:48  Pylon  
  67  5:49  Stalker  
  69  5:54  Shield Battery  
  69  5:56  Gateway  
  69  5:57  Gateway  
  69  5:58  Archon, Dark Templar  
  69  5:59  Stalker  
  73  6:04  Gateway  
  73  6:06  Archon  
  73  6:11  Disruptor (Chrono Boost)  
  73  6:12  Dark Templar  
  77  6:21  Zealot, Cybernetics Core  
  77  6:25  Shield Battery  
  79  6:26  Stalker  
  77  6:45  Zealot x2  
  67  6:57  Zealot x2  
  64  7:01  Probe  
  64  7:05  Stalker x3  
  64  7:06  Probe  
  72  7:10  Shield Battery  
  72  7:14  Probe  
  70  7:19  Pylon  
  55  7:30  Probe  
  55  7:33  Zealot x2  
  55  7:34  Zealot  
  51  7:42  Probe  
  43  7:44  Probe  
  42  7:55  Zealot x3  
  42  7:58  Probe  
  46  8:02  Probe  
  46  8:04  Pylon  
  46  8:06  Gateway  
  46  8:15  Probe x2 (Chrono Boost)  
  48  8:21  Stalker  
  50  8:36  Zealot x2  
  50  8:37  Zealot  
  54  8:45  Zealot  
  46  8:48  Probe  
  46  8:54  Zealot  
  40  8:58  Zealot  
  40  9:00  Zealot  
  36  9:04  Sentry  
  32  9:10  Zealot  
Tags
 
Add a new tag
Caveats
  • Supply blocks, unpowered buildings, or Contaminate may cause inaccurate times.
  • Supply counts are checked every 10 seconds.